 Dungeon Sprint DCSS version 0.31-a0-983-g7b6862f502 (webtiles) character file.

Game seed: 2284781079493257903

18800 fozzywoppz the Warrior (level 12, -6/130 HPs)
             Began as a Minotaur Fighter on Nov 2, 2023.
             Was a High Priest of Okawaru.
             Killed from afar by a fire dragon (41 damage)
             ... with a blast of flame
             ... in the Dungeon (Sprint IX: "|||||||||||||||||||||||||||||").
             The game lasted 00:09:37 (1901 turns).

fozzywoppz the Warrior (Minotaur Fighter)           Turns: 1901, Time: 00:09:37

Health: -6/130     AC: 32    Str: 27    XL:     12   Next: 30%
Magic:  18/21      EV: 14    Int:  8    God:    Okawaru [*****.]
Gold:   1552       SH:  8    Dex: 12    Spells: 11/11 levels left

rFire   . . .        b - +4 morningstar (protect)
rCold   . . .        c - +0 buckler
rNeg    . . .        q - +3 chain mail
rPois   +            (helmet restricted)
rElec   .            d - +1 cloak {rPois}
rCorr   .            E - +1 pair of gloves
SInv    .            y - +0 pair of boots
Will    .....        (no amulet) Stlth
                     n - +3 ring of strength
HPRegen 0.41/turn    o - +3 ring of intelligence
MPRegen 0.17/turn

%: no teleportation
@: heroic, finesse-ful, under a protective aura
A: horns 2, retaliatory headbutt
a: Renounce Religion, Heroism, Finesse


You were in the Dungeon.
You worshipped Okawaru.
Okawaru was extremely pleased with you.
You visited 1 branch You collected 1944 gold pieces.
You spent 392 gold pieces at shops.

Inventory:

Hand Weapons
 b - a +4 morningstar of protection (weapon)
 s - a +1 heavy broad axe
 z - the +0 war axe "Uteaw" {freeze, Dex+5}
   (You bought it in a shop in the Dungeon)

   Dex+5:     It affects your dexterity (+5).
Missiles
 a - 2 boomerangs
 t - 2 curare-tipped darts
Armour
 c - a +0 buckler (worn)
 d - a +1 cloak of poison resistance (worn)
 p - a +2 troll leather armour
 q - a +3 chain mail (worn)
 x - the +4 scale mail "Forget-Me-Not" {Harm Will++ Str+3}
   (You found it in the Dungeon)

   Str+3:     It affects your strength (+3).
   Will++:    It greatly increases your willpower.
   Harm:      It increases damage dealt and taken.
 y - a +0 pair of boots (worn)
 E - a +1 pair of gloves (worn)
Jewellery
 n - a +3 ring of strength (left hand)
 o - a +3 ring of intelligence (right hand)
 A - a ring of ice
 B - a ring of flight
 C - a ring of protection from fire
 D - a ring of ice
Wands
 m - a wand of iceblast (12) (quivered)
Scrolls
 j - 2 scrolls of blinking
 l - 2 scrolls of amnesia
 u - 2 scrolls of enchant weapon
 v - 3 scrolls of enchant armour
 w - 3 scrolls of fear
 F - a scroll of fog
 G - a scroll of identify
Potions
 e - 9 potions of curing
 f - 3 potions of heal wounds
 g - 2 potions of haste
 h - 4 potions of magic
 i - 2 potions of berserk rage
 k - a potion of invisibility
 r - a potion of resistance


   Skills:
 + Level 19.6(24.6) Fighting
 - Level 16.0(21.0) Maces & Flails
 + Level 8.8(13.8) Throwing
 - Level 15.0(20.0) Armour
 - Level 8.0(13.0) Dodging
 + Level 13.0(18.0) Shields
 - Level 14.0 Invocations
 - Level 5.0 Evocations


You had 11 spell levels left.
You didn't know any spells.
Your spell library was empty.

Dungeon Overview and Level Annotations

Branches:
Dungeon (1/1)

Altars:
Cheibriados
Dithmenos
Elyvilon
Fedhas
Gozag
Hepliaklqana
Kikubaaqudgha
Makhleb
Nemelex Xobeh
Okawaru
Qazlal
Ru
Sif Muna
Trog
Uskayaw
Vehumet
Wu Jian
Xom
Yredelemnul
Zin
The Shining One
Jiyva
Lugonu

Shops:
D :*(:


Innate Abilities, Weirdness & Mutations

You have a pair of horns on your head.
You reflexively headbutt those who attack you in melee.


Message History

Base training target 15.0 for Armour reached!
Your base Throwing skill increases to level 8!
Your base Armour skill increases to level 15!
You block the ettin's attack.
The ettin hits you with a +0 dire flail!!
You see here a +2 great sword of flaming.
You thump the ettin!
The ettin is heavily wounded.
The ettin barely misses you.
The ettin hits you with a +0 dire flail!
You barely miss the ettin.
The ettin is moderately wounded.
You hit the ettin. You headbutt the ettin.
The ettin is heavily wounded.
You hit the ettin. Your headbutt misses the ettin.
The ettin is heavily wounded.
The ettin hits you with a +0 great mace!
The ettin misses you.
The occultist shouts!
You sock the ettin!
The ettin is severely wounded.
You spit the ettin like a pig!!!
You kill the ettin!
Okawaru accepts your kill.
Your base Shields skill increases to level 13!
Unknown command.
The fire dragon bites you but does no damage.
The fire dragon claws you!
* * * LOW HITPOINT WARNING * * *
You block the fire dragon's attack.
The occultist mumbles some strange words.
The occultist flickers and vanishes!
Deactivating autopickup; reactivate with Ctrl-A.
Things that are here:
a +0 great mace; a +0 dire flail You sock the fire dragon!
The fire dragon is lightly wounded.
The fire dragon breathes flames at you. The blast of flame hits you!!!
You die...

▓.▓.▓.▓.▓.▓.▓
▓.▓.▓.▓.▓'▓.▓.▓
▓{▓.▓)▓.▓[▓.▓)▓
▓.▓.▓∩▓.▓)▓.▓)▓
▓.▓.▓)▓.▓)▓.▓)▓
▓.▓.▓∩▓.▓.▓.▓)▓
▓.▓.▓)▓.▓.▓.▓.▓
▓D▓.▓∩▓.▓.▓.▓.▓
▓@▓.▓)▓.▓.▓.▓)▓
▓)▓.▓∩▓.▓.▓.▓[▓
▓)▓.▓.▓.▓.▓.▓.▓
▓(▓.▓)▓.▓.▓.▓)▓
▓)▓.▓)▓.▓†▓.▓.▓
▓)▓.▓)▓.▓†▓.▓.▓
▓.▓.▓)▓.▓†▓.▓'▓
▓.▓.▓)▓.▓.▓.▓_▓
▓.▓.▓.▓.▓.▓.▓_▓


You could see a fire dragon (catching breath).

Vanquished Creatures
  A fire giant (D)
  A frost giant (D)
  An ettin (D)
  A boulder beetle (D)
  2 centaur warriors (D)
  A death knight (D)
  3 two-headed ogres (D)
  2 tengu warriors (D)
  4 orc high priests (D)
  A deep elf pyromancer (D)
  An orc knight (D)
  An arcanist (D)
  An ugly thing (D)
  2 orc sorcerers (D)
  Maurice (D)
  5 cane toads (D)
  3 komodo dragons (D)
  A kobold demonologist (D)
  An efreet (D)
  A troll (D)
  A meliai (shapeshifter) (D)
  3 blink frogs (D)
  2 yaks (D)
  2 wargs (D)
  5 water moccasins (D)
  An acid dragon (D)
  A hell hound (D)
  9 orc warriors (D)
  A black bear (D)
  5 wolves (D)
  A phantom (D)
  A bullfrog (D)
  An orc priest (D)
  A gnoll bouda (D)
  5 orc wizards (D)
  2 adders (D)
  A white imp (D)
  16 orcs (D)
  A giant cockroach (D)
  A goblin (D)
  A hobgoblin (D)
  2 rats (D)
97 creatures vanquished.

Vanquished Creatures (others)
  A bat simulacrum (D)
1 creature vanquished.

Grand Total: 98 creatures vanquished

Notes
Turn   | Place    | Note
-------+----------+-------------------------------------------
     0 | D        | fozzywoppz the Minotaur Fighter began the quest for the
                  | Orb.
     0 | D        | Reached XP level 1. HP: 19/19 MP: 0/0
     8 | D        | Reached skill level 4 in Fighting
    15 | D        | Noticed a phantom
    15 | D        | Noticed a black bear
    26 | D        | Reached XP level 2. HP: 19/28 MP: 1/1
    72 | D        | Killed a black bear
    73 | D        | Reached skill level 6 in Fighting
    73 | D        | Reached skill level 5 in Maces & Flails
    73 | D        | Reached XP level 3. HP: 17/38 MP: 2/2
    73 | D        | Reached XP level 4. HP: 21/45 MP: 3/3
    78 | D        | Killed a phantom
    79 | D        | Reached skill level 7 in Fighting
    79 | D        | Reached XP level 5. HP: 23/52 MP: 4/4
    93 | D        | Found a snail-covered altar of Cheibriados.
    93 | D        | Found a shadowy altar of Dithmenos.
    93 | D        | Found a white marble altar of Elyvilon.
    93 | D        | Found a blossoming altar of Fedhas.
    93 | D        | Found an opulent altar of Gozag.
    94 | D        | Found a hazy altar of Hepliaklqana.
    95 | D        | Found a viscous altar of Jiyva.
    96 | D        | Found an ancient bone altar of Kikubaaqudgha.
    97 | D        | Found a corrupted altar of Lugonu.
    98 | D        | Found a burning altar of Makhleb.
    99 | D        | Found a sparkling altar of Nemelex Xobeh.
   100 | D        | Found an iron altar of Okawaru.
   101 | D        | Found a stormy altar of Qazlal.
   102 | D        | Found a sacrificial altar of Ru.
   103 | D        | Found a shimmering blue altar of Sif Muna.
   104 | D        | Found a bloodstained altar of Trog.
   105 | D        | Found a hide-covered altar of Uskayaw.
   106 | D        | Found a radiant altar of Vehumet.
   107 | D        | Found an ornate altar of the Wu Jian Council.
   108 | D        | Became a worshipper of Warmaster Okawaru
   109 | D        | Found a shimmering altar of Xom.
   110 | D        | Found a basalt altar of Yredelemnul.
   111 | D        | Found a glowing silver altar of Zin.
   112 | D        | Found a glowing golden altar of the Shining One.
   212 | D        | Noticed a yak
   212 | D        | Noticed an acid dragon
   212 | D        | Noticed a two-headed ogre
   212 | D        | Noticed a two-headed ogre
   212 | D        | Noticed a troll
   216 | D        | Killed a troll
   216 | D        | Reached * piety under Okawaru
   217 | D        | Reached skill level 9 in Fighting
   217 | D        | Reached XP level 6. HP: 40/64 MP: 4/7
   218 | D        | Killed a two-headed ogre
   218 | D        | Reached ** piety under Okawaru
   219 | D        | Reached skill level 11 in Fighting
   219 | D        | Reached XP level 7. HP: 41/75 MP: 4/11
   221 | D        | Killed a two-headed ogre
   221 | D        | Reached *** piety under Okawaru
   221 | D        | Reached **** piety under Okawaru
   222 | D        | Reached skill level 13 in Fighting
   222 | D        | Reached XP level 8. HP: 42/86 MP: 4/13
   237 | D        | Noticed a centaur warrior
   237 | D        | Noticed a two-headed ogre
   237 | D        | Noticed a boulder beetle
   237 | D        | Noticed a deep elf pyromancer
   237 | D        | Noticed a death knight
   237 | D        | Noticed a kobold demonologist
   238 | D        | Noticed a red devil
   248 | D        | Killed a kobold demonologist
   249 | D        | Reached XP level 9. HP: 76/94 MP: 2/15
   485 | D        | Killed a boulder beetle
   486 | D        | Reached skill level 14 in Fighting
   486 | D        | Reached skill level 10 in Invocations
   491 | D        | Killed a death knight
   492 | D        | Reached skill level 15 in Fighting
   497 | D        | Killed a two-headed ogre
   504 | D        | Killed a centaur warrior
   504 | D        | Reached ***** piety under Okawaru
   504 | D        | Received a gift from Okawaru
   505 | D        | Reached XP level 10. HP: 64/105 MP: 9/18
   516 | D        | Killed a deep elf pyromancer
   537 | D        | Noticed Maurice
   543 | D        | Something stole a boomerang
   544 | D        | Something stole a +1 heavy broad axe
   546 | D        | Killed Maurice
   662 | D        | Noticed a cane toad
   662 | D        | Noticed a cane toad
   667 | D        | Killed a cane toad
   668 | D        | Reached skill level 1 in Evocations
   668 | D        | Noticed a cane toad
   673 | D        | Killed a cane toad
   692 | D        | Killed a cane toad
   712 | D        | Received a gift from Okawaru
   716 | D        | Got the +4 scale mail "Forget-Me-Not" {Harm Will++ Str+3}
   856 | D        | Noticed a cane toad
   864 | D        | Killed a cane toad
   865 | D        | Reached skill level 16 in Fighting
   865 | D        | Reached skill level 15 in Maces & Flails
   865 | D        | Reached skill level 10 in Armour
   871 | D        | Noticed a cane toad
   878 | D        | Reached skill level 5 in Evocations
   886 | D        | HP: 5/107 [komodo dragon (12)]
   892 | D        | Reached XP level 11. HP: 31/115 MP: 20/20
   897 | D        | Received a gift from Okawaru
  1153 | D        | Reached skill level 17 in Fighting
  1348 | D        | Noticed an orc knight
  1356 | D        | Reached skill level 1 in Throwing
  1372 | D        | Killed an orc knight
  1373 | D        | Noticed an orc high priest
  1408 | D        | Killed an orc high priest
  1534 | D        | Found Rizont's Book Boutique.
  1534 | D        | Noticed an orc high priest
  1534 | D        | Noticed an orc sorcerer
  1534 | D        | Noticed an orc high priest
  1534 | D        | Noticed an orc sorcerer
  1541 | D        | Killed an orc sorcerer
  1544 | D        | Found Roalicia's Antique Weapon Shop.
  1549 | D        | Killed an orc high priest
  1550 | D        | Reached skill level 18 in Fighting
  1550 | D        | Reached skill level 10 in Shields
  1553 | D        | Killed an orc sorcerer
  1554 | D        | Reached skill level 5 in Throwing
  1559 | D        | Killed an orc high priest
  1559 | D        | Received a gift from Okawaru
  1563 | D        | Found Pulayqim's General Store.
  1571 | D        | Found Nauj's Book Shop.
  1584 | D        | Noticed an orc high priest
  1591 | D        | Noticed a sixfirhy
  1599 | D        | Killed an orc high priest
  1640 | D        | Bought a scroll of blinking for 97 gold pieces
  1640 | D        | Bought a scroll of fear for 52 gold pieces
  1640 | D        | Bought a potion of curing for 39 gold pieces
  1642 | D        | Bought a polished war axe for 204 gold pieces
  1642 | D        | Identified the +0 war axe "Uteaw" {freeze, Dex+5} (You
                  | bought it in a shop in the Dungeon)
  1828 | D        | Noticed a tengu warrior
  1828 | D        | Noticed a centaur warrior
  1828 | D        | Noticed a tengu warrior
  1828 | D        | Noticed an arcanist
  1838 | D        | Killed an arcanist
  1838 | D        | Noticed a frost giant
  1853 | D        | Killed a tengu warrior
  1858 | D        | Killed a centaur warrior
  1859 | D        | Reached XP level 12. HP: 110/129 MP: 15/21
  1864 | D        | Killed a frost giant
  1865 | D        | Reached skill level 19 in Fighting
  1873 | D        | Noticed an ettin
  1874 | D        | Killed a tengu warrior
  1874 | D        | Received a gift from Okawaru
  1879 | D        | Noticed a fire giant
  1883 | D        | Noticed a fire dragon
  1892 | D        | Killed a fire giant
  1893 | D        | Reached skill level 15 in Armour
  1899 | D        | Killed an ettin
  1901 | D        | Killed from afar by a fire dragon

Illustrated notes

Levels and vault maps discovered:
D:        linesprint [early_d, line_temple, items_1, d_10, items_2, lair_1,
          lair_end, items_3, orc_1, orc_end, items_4, d_15, swamp_1, shoals_1,
          snake_1, spider_1, d_20, vaults_1, items_5, swamp_end, shoals_end,
          snake_end, spider_end, vaults_end, d_27, items_6, zot_1, zot_end,
          crypt_end, forest_end, elf_end, slime_end, tomb_end, abyss_end,
          pan_hell_end]

Skill      XL: |  1  2  3  4  5  6  7  8  9 10 11 12 |
---------------+-------------------------------------+-----
Fighting       | 4 6 7 9 11 13 15 16 18 19 | 19.6
Maces & Flails | 3 5 6 9 11 13 14 15 16 | 16.0
Armour         | 4 6 7 8 10 14 15 | 15.0
Shields        | 4 6 7 8 11 13 | 13.0
Invocations    | 3 6 8 9 13 14 | 14.0
Dodging        | 8 |  8.0
Evocations     | 5 |  5.0
Throwing       | 7 8 |  8.8

Action                     |  1- 3 |  4- 6 |  7- 9 | 10-12 || total
---------------------------+-------+-------+-------+-------++-------
  Melee: Flail             |    21 |    14 |       |       ||    35
         Headbutt          |     1 |     4 |     7 |    55 ||    67
         Morningstar       |       |     5 |    52 |   291 ||   348
 Invoke: Finesse           |       |       |     2 |     5 ||     7
         Heroism           |       |       |     1 |     3 ||     4
  Evoke: Wand              |       |       |     2 |     3 ||     5
    Use: Potion            |       |     1 |     3 |     3 ||     7
         Scroll            |       |       |     1 |     4 ||     5
 Armour: Scale mail        |    21 |     7 |       |       ||    28
         Chain mail        |       |     8 |    11 |   117 ||   136
  Dodge: Dodged            |    11 |    11 |     7 |    64 ||    93
  Block: Buckler           |     3 |     2 |     6 |    49 ||    60

Table legend: (Time is in decaauts)
 A = Elapsed time spent in this place.
 B = Non-inter-level travel time spent in this place.
 C = Inter-level travel time spent in this place.
 D = Time resting spent in this place.
 E = Time spent auto-exploring this place.
 F = Levels seen in this place.
 G = Mean time per level.
                   A        B        C        D        E       F      G
               +--------+--------+--------+--------+--------+-----+--------+
         Total |   1743 |   1743 |      0 |    617 |      0 |   1 | 1743.0 |
       Dungeon |   1743 |   1743 |      0 |    617 |      0 |   1 | 1743.0 |
               +--------+--------+--------+--------+--------+-----+--------+

Top non-repeatable levels by time:
       D: 1743 daAuts
